 Dungeon Crawl Stone Soup version 0.18.1-8-gdd0e5ea (webtiles) character file.

49 Loading the Ruffian (level 3, -1/31 HPs)
             Began as a Ghoul Monk on May 30, 2016.
             Slain by a goblin (5 damage)
             ... led by Robin
             ... on level 1 of the Dungeon.
             The game lasted 00:02:33 (810 turns).

Loading the Ruffian (Ghoul Monk)                     Turns: 810, Time: 00:02:34

Health: -1/31      AC: 10    Str: 14    XL:     3   Next: 77%
Magic:  2/2        EV:  4    Int:  5    God:
Gold:   94         SH:  0    Dex: 12    Spells: 0 memorised, 2 levels left

rFire  . . .     SeeInvis .       - Unarmed
rCold  + . .     Gourm    .     d - +0 plate armour
rNeg   + + +     Faith    .     (no shield)
rPois  ∞         Spirit   .     (no helmet)
rElec  .         Dismiss  .     (no cloak)
rCorr  .         Reflect  .     (no gloves)
SustAt .         Harm     .     (no boots)
MR     .....                    (no amulet)
Stlth  ..........               (no ring)
                                (no ring)

@: flying, rotting, not resistant to hostile enchantments, extremely unstealthy
A: rotting body, claws 1, carnivore 3, cold resistance 1, negative energy
resistance 3, slow regeneration 1, torment resistance, unbreathing
a: no special abilities


You were on level 1 of the Dungeon.
You were not hungry.

You visited 1 branch of the dungeon, and saw 2 of its levels.

You collected 94 gold pieces.

Inventory:

Armour
 a - a +0 robe
 d - a +0 plate armour (worn)
Scrolls
 g - a scroll of teleportation {unknown}
 h - a scroll of enchant armour {unknown}
 i - a scroll of remove curse {unknown}
Potions
 e - a potion of curing
Comestibles
 b - 3 meat rations
 f - 15 chunks of flesh


   Skills:
 - Level 3.2 Fighting
 + Level 0.8 Armour
 - Level 2.6 Dodging
 + Level 2.9 Stealth
 * Level 5.3 Unarmed Combat


You had 2 spell levels left.
You didn't know any spells.

Dungeon Overview and Level Annotations

Branches:
Dungeon (2/15)

Altars:
Nemelex Xobeh

Annotations:
D:2 Robin


Innate Abilities, Weirdness & Mutations

Your body is rotting away.
You thrive on raw meat.
You are immune to poison.
You have sharp fingernails.
You are carnivorous and can eat meat at any time.
Your flesh is cold resistant.
You are immune to negative energy.
You regenerate slowly when monsters are visible.
You are immune to unholy pain and torment.
You can survive without breathing.


Message History

a dagger; a goblin corpse The goblin hits you but does no damage.
The hobgoblin no longer looks unusually strong.
The goblin hits you but does no damage.
Robin roars a battlecry!
The goblins go into a battle-frenzy!
The hobgoblin no longer looks unusually strong.
The goblin no longer looks unusually strong.
Robin roars a battlecry!
The goblins go into a battle-frenzy!
Robin throws the goblin at you! The goblin closely misses you.
The goblin no longer looks unusually strong.
The goblin hits you but does no damage.
You see here a robe.
There is an escape hatch in the ceiling here.
The goblin hits you.
* * * LOW HITPOINT WARNING * * *
A mysterious force pulls you upwards. The hatch slams shut behind you.
The goblin hits you.
You die...

#.........### ##.#.##.#
###..P≈.....# #...##.# #
#..P.≈P###..# ##.###.# #
#..P≈≈≈# #..#####.# #.#
###...≈♣P# ##....##.###.#
..#..P≈PP####.##..#..##.#
P.#.PP≈≈P......##.....#.###
P.≈≈.≈≈P≈......g###.......##
P.PPP♣≈P≈......g@.#.#.#.#..###
PPPP≈≈♣P.......#....#...##...#
♣♣P♣♣≈≈≈.......#....##..####.#
≈≈♣≈≈≈PP..)..................#
≈≈♣≈♣PP......###....##..######
≈≈≈≈≈PP###.### #....###.#####
P≈≈≈P≈.......# #............#
≈P≈P≈≈..###### #####........#
.≈≈≈P..## #........#


You could see 2 goblins.

Vanquished Creatures
  An adder (D:2)
  2 worms (D:2)
  2 giant geckos
  A giant cockroach (D:1)
  8 goblins
  4 hobgoblins (D:2)
  3 kobolds
  A quokka (D:2)
  A bat (D:2)
  3 giant newts (D:2)
  3 rats
29 creatures vanquished.

Notes
Turn   | Place    | Note
--------------------------------------------------------------
     0 | D:1      | Loading the Ghoul Monk began the quest for the Orb.
     0 | D:1      | Reached XP level 1. HP: 19/19 MP: 0/0
   286 | D:1      | Reached XP level 2. HP: 26/26 MP: 1/1
   311 | D:1      | Found a sparkling altar of Nemelex Xobeh.
   631 | D:2      | Reached skill level 5 in Unarmed Combat
   654 | D:2      | Reached XP level 3. HP: 22/31 MP: 2/2
   777 | D:2      | Noticed Robin
   810 | D:1      | Slain by a goblin

Skill      XL: |  1  2 |
---------------+-------+-----
Unarmed Combat | 5 |  5.3
Fighting       | |  3.2
Armour         | |  0.8
Dodging        | |  2.6
Stealth        | |  2.9

Action                   || total
-------------------------++-------
Melee: Unarmed           ||   100
  Use: Potion            ||     3
 Stab: Sleeping          ||     1
  Eat: Chunk             ||     5
Armor: Plate armour      ||   139
Dodge: Dodged            ||    39
